 Dungeon Crawl Stone Soup version 0.24-a0-108-g011bc4b (console) character file.

Game seed: 7402815884239392642

1913 Duffy the Summoner (level 9, -1/68 HPs)
             Began as a Naga Summoner on Feb 14, 2019.
             Was a Follower of the Shining One.
             Slain by an orc
             ... wielding a +0 short sword
              (5 damage)
             ... on level 8 of the Dungeon.
             The game lasted 00:16:32 (9231 turns).

Duffy the Summoner (Naga Summoner)                  Turns: 9231, Time: 00:16:33

Health: -1/68      AC:  8    Str: 10    XL:     9   Next: 16%
Magic:  3/16       EV: 10    Int: 19    God:    the Shining One [*.....]
Gold:   444        SH:  0    Dex: 12    Spells: 4/18 levels left

rFire    . . .     SeeInvis +   j - +0 spear
rCold    . . .     Gourm    .   (no shield)
rNeg     + . .     Faith    .   f - +2 robe {rN+}
rPois    +         Spirit   .   E - +0 helmet
rElec    .         Reflect  .   y - +0 cloak
rCorr    .         Harm     .   (no gloves)
MR       +....                  (no barding)
Stlth    +.........             (no amulet)
HPRegen  0.21/turn              (no ring)
MPRegen  0.15/turn              (no ring)

@: very slightly contaminated, glowing, lightly drained, very slow
A: large, see invisible, deformed body, poison resistance, slowness 2, slow
metabolism 1, spit poison 1, AC +3
a: Spit Poison, Renounce Religion


You were on level 8 of the Dungeon.
You worshipped the Shining One.
The Shining One was aware of your devotion.
You were hungry.

You visited 2 branches of the dungeon, and saw 9 of its levels.

You collected 444 gold pieces.

Inventory:

Hand Weapons
 j - a +0 spear (weapon)
Armour
 f - a +2 robe of positive energy (worn)
 i - a +0 robe of resistance
 y - a +0 cloak (worn)
 E - a +0 helmet (worn)
 G - a +0 buckler
Jewellery
 z - the amulet of Milul {Inacc rF- rC+ Dex+4}
   (You found it on level 6 of the Dungeon)

   [amulet of inaccuracy]

   It reduces the accuracy of all your attacks.
   It affects your dexterity (+4).
   It makes you vulnerable to fire.
   It protects you from cold.
Wands
 l - a wand of paralysis (8)
 q - a wand of disintegration (23)
 H - a wand of polymorph (5)
Scrolls
 e - a scroll of identify
 k - a scroll of immolation {unknown}
 n - 2 scrolls of enchant weapon {unknown}
 o - a scroll of fear {unknown}
 p - 2 scrolls of remove curse {unknown}
 s - 3 scrolls of magic mapping
 t - a scroll of fog {unknown}
 u - 5 scrolls of teleportation
 w - 3 scrolls of noise {unknown}
 x - 3 scrolls of amnesia {unknown}
 A - 2 scrolls of blinking {unknown}
 C - a scroll of enchant armour {unknown}
Potions
 a - 3 potions of curing {unknown}
 b - 3 potions of degeneration {unknown}
 d - a potion of resistance {unknown}
 g - 2 potions of magic {unknown}
 h - a potion of mutation {unknown}
 m - 3 potions of flight
 r - a potion of agility
 v - a potion of lignification
 B - 4 potions of brilliance
 D - a potion of heal wounds
 F - a potion of might
Comestibles
 c - 12 rations


   Skills:
 + Level 0.2(0.0) Fighting
 + Level 2.0(1.9) Polearms
 - Level 1.5(1.4) Dodging
 - Level 3.0(2.8) Stealth
 + Level 0.1(0.0) Shields
 - Level 5.0(4.9) Spellcasting
 - Level 8.0(7.8) Summonings
 - Level 5.1(4.9) Ice Magic
 - Level 5.0(4.8) Air Magic
 + Level 0.2(0.1) Evocations


You had 4 spell levels left.
You knew the following spells:

 Your Spells              Type           Power        Failure   Level  Hunger
a - Summon Small Mammal   Summ           ####         1%          1    None
h - Call Canine Familiar  Summ           ####....     1%          3    ##.....
k - Summon Ice Beast      Ice/Summ       ####....     9%          4    ####...
l - Summon Lightning Spi  Summ/Air       ####....     10%         4    ####...
s - Call Imp              Summ           ####....     1%          2    #......

Your spell library contained the following spells:

 Spells                   Type           Power        Failure   Level  Hunger
 Summon Guardian Golem    Hex/Summ       ###.....     8%          3    ##.....
 Sandblast                Erth           #.....       13%         1    None
 Passwall                 Tmut/Erth      #.......     19%         2    #......
 Stone Arrow              Conj/Erth      #.....       36%         3    ##.....
 Petrify                  Tmut/Erth      #.......     77%         4    ####...
 Lee's Rapid Deconstruct  Erth           #.........   98%         5    ######.


Dungeon Overview and Level Annotations

Branches:
Dungeon (8/15)             Temple (1/1) D:5
   Lair: D:8-11

Altars:
Ashenzari
Cheibriados
Dithmenos
Elyvilon
Fedhas
Gozag
Kikubaaqudgha
Nemelex Xobeh
Okawaru
Qazlal
Ru
Sif Muna
Trog
Uskayaw
Wu Jian
Xom
Yredelemnul
Zin
The Shining One


Innate Abilities, Weirdness & Mutations

You cannot wear boots.
Your serpentine skin is tough. (AC +3)
You have supernaturally acute eyesight. (SInv)
Armour fits poorly on your strangely shaped body.
Your system is resistant to poisons. (rPois)
You cover ground very slowly.
You have a slow metabolism.
You can spit poison.


Message History

Evoke which item? (* to show all) (? for menu, Esc to quit)
Aiming: Disintegrate
Press: ? - help, Shift-Dir - straight line, f/p - ogre
Aim: an ogre, wielding a +0 giant spiked club (moderately wounded, haloed, chance to defeat MR: 65%)
The ogre struggles to resist.
The ogre hits you with a +0 giant spiked club!
The orc hits you with a +0 short sword!
Evoke which item? (* to show all) (? for menu, Esc to quit)
Aiming: Disintegrate
Press: ? - help, Shift-Dir - straight line, f/p - ogre
Aim: an ogre, wielding a +0 giant spiked club (moderately wounded, haloed, chance to defeat MR: 65%)
The ogre is blasted!
The ogre hits you with a +0 giant spiked club.
The orc barely misses you.
Evoke which item? (* to show all) (? for menu, Esc to quit)
Aiming: Disintegrate
Press: ? - help, Shift-Dir - straight line, f/p - ogre
Aim: an ogre, wielding a +0 giant spiked club (severely wounded, haloed, chance to defeat MR: 65%)
The ogre struggles to resist.
The orc hits you with a +0 short sword.
You die...

#......
#.....#
#.....#
#.....#
#....)#
#.....#
#...))#
#>...)######
#......).o@#
#.....##.O.#
##.....##.o.#
#...........#
#...........#
#...........#
##....###...#
#...<# #+###
#.......#


You could see an ogre, an orc wizard and an orc.

Vanquished Creatures
  A hippogriff (D:5)
  Sigmund (D:2)
  2 ice beasts
  An ogre (D:4)
  2 bullfrogs
  3 scorpions
  A wight (D:7)
  A bullfrog skeleton (D:6)
  A hound skeleton (D:4)
  Robin (D:3)
  4 gnolls
  8 adders
  2 shadow imps (D:7)
  An ooze (D:2)
  A worm (D:2)
  A dart slug (D:1)
  4 leopard geckos
  4 orcs
  7 bats
  11 giant cockroaches
  3 goblins
  6 hobgoblins
  13 jackals
  4 kobolds
  A quokka (D:2)
  2 ball pythons
  9 frilled lizards
  6 rats
101 creatures vanquished.

Vanquished Creatures (collateral kills)
  Menkaure (D:5)
  Edmund (D:5)
  3 ogres
  4 bullfrogs
  4 wights (D:7)
  2 crimson imps
  A jelly (D:7)
  4 orc wizards
  3 iguanas
  3 worker ants
  14 gnolls
  A howler monkey skeleton (D:4)
  9 adders
  An ooze (D:2)
  3 worms
  3 leopard geckos
  6 orcs
  4 giant cockroaches
  11 goblins
  4 hobgoblins
  11 jackals
  3 kobolds (D:3)
  3 quokkas
  3 bats
  3 frilled lizards
  A rat (D:3)
106 creatures vanquished.

Grand Total: 207 creatures vanquished

Notes
Turn   | Place    | Note
-------+----------+-------------------------------------------
     0 | D:1      | Duffy the Naga Summoner began the quest for the Orb.
     0 | D:1      | Reached XP level 1. HP: 15/15 MP: 3/3
   142 | D:2      | Reached XP level 2. HP: 22/22 MP: 1/5
   146 | D:2      | Learned a level 2 spell: Call Imp
   159 | D:2      | Noticed a scorpion
   178 | D:2      | Killed a scorpion
   178 | D:2      | Reached XP level 3. HP: 22/28 MP: 3/7
   183 | D:2      | Learned a level 3 spell: Call Canine Familiar
   361 | D:2      | Noticed Sigmund
   506 | D:2      | Reached XP level 4. HP: 21/36 MP: 3/8
   512 | D:2      | Killed Sigmund
   512 | D:2      | Reached skill level 5 in Summonings
   512 | D:2      | Reached XP level 5. HP: 26/42 MP: 1/10
  1187 | D:3      | Learned a level 4 spell: Summon Lightning Spire
  1289 | D:4      | Reached skill level 1 in Air Magic
  1289 | D:4      | Reached XP level 6. HP: 49/49 MP: 10/12
  1463 | D:4      | Reached skill level 6 in Summonings
  1748 | D:4      | Reached XP level 7. HP: 54/55 MP: 4/13
  1829 | D:5      | Entered Level 5 of the Dungeon
  2451 | D:5      | Noticed Menkaure
  2497 | D:5      | Killed Menkaure
  2497 | D:5      | Reached skill level 1 in Polearms
  2710 | D:5      | Noticed a hippogriff
  2723 | D:5      | Killed a hippogriff
  2723 | D:5      | Reached skill level 5 in Spellcasting
  2998 | D:5      | Found a shadowy altar of Dithmenos.
  3102 | D:5      | Found a staircase to the Ecumenical Temple.
  3141 | Temple   | Entered the Ecumenical Temple
  3335 | Temple   | Became a worshipper of the Shining One
  3404 | D:5      | Learned a level 4 spell: Summon Ice Beast
  3885 | D:3      | Reached skill level 1 in Ice Magic
  3885 | D:3      | Reached XP level 8. HP: 48/62 MP: 3/15
  5130 | D:2      | Found a shimmering altar of Xom.
  5140 | D:2      | Found an ornate altar of the Wu Jian Council.
  5257 | D:2      | Found a snail-covered altar of Cheibriados.
  5402 | D:2      | Found an iron altar of Okawaru.
  5558 | D:3      | Found a deep blue altar of Sif Muna.
  6088 | D:3      | Noticed Robin
  6105 | D:3      | Killed Robin
  6105 | D:3      | Reached skill level 7 in Summonings
  6777 | D:5      | Noticed Edmund
  6791 | D:5      | Killed Edmund
  7736 | D:6      | Got a crude ruby amulet
  7737 | D:6      | Identified the amulet of Milul {Inacc rF- rC+ Dex+4} (You
                  | found it on level 6 of the Dungeon)
  8141 | D:7      | Reached skill level 5 in Air Magic
  8272 | D:7      | Got a steaming dagger
  8273 | D:7      | Identified the +3 dagger "Tiesch" {elec, +Fly} (You found
                  | it on level 7 of the Dungeon)
  8757 | D:7      | Reached XP level 9. HP: 64/68 MP: 11/16
  8758 | D:7      | Reached skill level 8 in Summonings
  8768 | D:7      | Reached * piety under the Shining One
  9015 | D:7      | Found a stormy altar of Qazlal.
  9031 | D:7      | Reached skill level 5 in Ice Magic
  9231 | D:8      | Slain by an orc

Levels and vault maps discovered:
D:1:      dpeg_arrival_snail, layout_basic
D:2:      minmay_diamond_boxcup, layout_rooms,
          nicolae_overflow_quartered_altars, uniq_sigmund
D:3:      layout_rooms, led_sif_book, uniq_robin
D:4:      layout_cave_pools, first_ration
D:5:      minmay_evil_eye, layout_basic, lemuel_doored_altar,
          minmay_temple_entry_waves, hangedman_decor_opposing, uniq_edmund,
          uniq_menkaure
D:6:      layout_basic
D:7:      layout_loops_cross, lemuel_round_altar
D:8:      layout_gridville, makhleb_grotto_becter,
          amethyst_overflow_temple_binary, gammafunk_ghost_arena, uniq_pikel
Temple:   minmay_temple_bridge_abc

Skill      XL: |  1  2  3  4  5  6  7  8  9 |
---------------+----------------------------+-----
Spellcasting   | 3 4 5 |  5.0
Summonings     | 5 6 7 8 |  8.0
Air Magic      | 1 2 3 5 |  5.0
Polearms       | 2 |  2.0
Ice Magic      | 1 4 5 |  5.1
Fighting       | |  0.2
Dodging        | |  1.5
Stealth        | |  3.0
Shields        | |  0.1
Evocations     | |  0.2

Action                   |  1- 3 |  4- 6 |  7- 9 || total
-------------------------+-------+-------+-------++-------
Melee: Dagger            |    13 |    85 |     7 ||   105
       Spear             |       |       |   552 ||   552
 Cast: Summon Small Mamm |     3 |     1 |       ||     4
       Call Imp          |    10 |    11 |    12 ||    33
       Call Canine Famil |       |     8 |    39 ||    47
       Summon Lightning  |       |       |    14 ||    14
 Abil: Spit Poison       |     9 |    10 |    12 ||    31
Evoke: Wand              |       |       |     6 ||     6
  Use: Scroll            |       |       |     9 ||     9
 Stab: Sleeping          |       |     3 |       ||     3
       Distracted        |       |       |     1 ||     1
  Eat: Chunk             |       |     4 |    22 ||    26
       Ration            |       |       |     1 ||     1
Armor: Robe              |     9 |    53 |   197 ||   259
Dodge: Dodged            |    13 |    80 |   293 ||   386

Table legend:
 A = Non-vault XP
 B = Vault XP
 C = Vault XP percentage of total XP
 D = Non-vault monster count
 E = Vault monster count
 F = Vault count percentage of total count
                 A         B        C        D         E       F
            +---------+---------+-------+---------+---------+-------
      Total |    2137 |     596 |  21.8 |     183 |      24 |  11.6
            +---------+---------+-------+---------+---------+-------
        D:1 |      40 |       0 |   0.0 |      24 |       0 |   0.0
        D:2 |     137 |     154 |  52.9 |      29 |       6 |  17.1
        D:3 |     280 |      59 |  17.4 |      40 |      12 |  23.1
        D:4 |     509 |       1 |   0.2 |      29 |       1 |   3.3
        D:5 |     157 |     382 |  70.9 |      13 |       5 |  27.8
        D:6 |     264 |       0 |   0.0 |      10 |       0 |   0.0
        D:7 |     697 |       0 |   0.0 |      31 |       0 |   0.0
        D:8 |      53 |       0 |   0.0 |       7 |       0 |   0.0
            +---------+---------+-------+---------+---------+-------
